 Dungeon Crawl Stone Soup version 0.22-a0-392-g5dc3fd9 (webtiles) character file.

40 4thArraOfDagon the Magician (level 3, -2/24 HPs)
             Began as a Mummy Ice Elementalist on May 2, 2018.
             Slain by a worker ant (5 damage)
             ... while paralysed by Grinder
             ... on level 4 of the Dungeon.
             The game lasted 00:01:52 (535 turns).

4thArraOfDagon the Magician (Mummy Ice Elementalist) Turns: 535, Time: 00:01:52

Health: -2/24      AC:  2    Str: 11    XL:     3   Next: 30%
Magic:  0/7        EV:  2    Int: 15    God:
Gold:   30         SH:  0    Dex: 12    Spells: 7/8 levels left

rFire    x . .     SeeInvis .   (no weapon)
rCold    + . .     Gourm    .   (no shield)
rNeg     + + +     Faith    .   a - +0 robe
rPois    ∞         Spirit   .   (no helmet)
rElec    .         Reflect  .   (no cloak)
rCorr    .         Harm     .   (no gloves)
MR       .....                  (no boots)
Stlth    ++........             (no amulet)
HPRegen  0.08/turn              (no ring)
MPRegen  0.10/turn              (no ring)

@: paralysed, very slightly contaminated
A: no food or potions, fire vulnerability, cold resistance 1, negative energy
resistance 3, torment resistance, unbreathing
a: no special abilities


You were on level 4 of the Dungeon.
You were not hungry.

You visited 1 branch of the dungeon, and saw 4 of its levels.

You collected 30 gold pieces.

Inventory:

Armour
 a - a +0 robe (worn)
Scrolls
 b - a scroll of enchant armour {unknown}
 c - 2 scrolls of fog {unknown}
 d - a scroll of noise {unknown}
 e - a scroll of remove curse {unknown}
 f - a scroll of identify {unknown}


   Skills:
 - Level 1.5 Dodging
 - Level 1.5 Stealth
 + Level 3.4 Spellcasting
   Level 0.7 Conjurations
 * Level 3.3 Ice Magic


You had 7 spell levels left.
You knew the following spells:

 Your Spells              Type           Power        Failure   Level  Hunger
a - Freeze                Ice            ##..         4%          1    N/A

Dungeon Overview and Level Annotations

Branches:
Dungeon (4/15)
 Temple: D:4-7

Altars:
Okawaru

Annotations:
D:4 Grinder


Innate Abilities, Weirdness & Mutations

You do not eat or drink.
Your flesh is vulnerable to fire.
You are immune to poison.
Your flesh is cold resistant. (rC+)
You are immune to negative energy. (rN+++)
You are immune to unholy pain and torment.
You can survive without breathing.


Message History

Unknown command.
Casting: Freeze (safe; 4% risk of failure)
Confirm with . or Enter, or press ? or * to list all spells.
Aiming: Freeze (safe; 4% risk of failure)
Press: ? - help, Shift-Dir - straight line, f/p - worker ant
Aim: a worker ant (severely wounded)
You freeze the worker ant.
The worker ant is severely wounded.
The worker ant bites you but does no damage.
Unknown command.
Grinder comes into view.
The worker ant bites you.
* * * LOW HITPOINT WARNING * * *
The worker ant misses you. Grinder gestures at you.
You suddenly lose the ability to move!
The worker ant bites you.
* * * LOW HITPOINT WARNING * * *
The worker ant bites you.
You die...

#.........
##.........
#..........
##.<†.......
#...†....)..
#...........
##...........
#.a..........
#@...........
#.............
...#...........
#...##..?........
#### ##.5......
#...... #....
####


You could see Grinder and a worker ant.

Vanquished Creatures
  3 adders
  A leopard gecko (D:3)
  A giant cockroach (D:3)
  A hobgoblin (D:1)
  2 jackals (D:3)
  2 quokkas
  A ball python (D:4)
  3 frilled lizards
14 creatures vanquished.

Notes
Turn   | Place    | Note
-------+----------+-------------------------------------------
     0 | D:1      | 4thArraOfDagon the Mummy Ice Elementalist began the quest for the Orb.
     0 | D:1      | Reached XP level 1. HP: 13/13 MP: 4/4
   134 | D:2      | Reached XP level 2. HP: 15/19 MP: 0/6
   201 | D:3      | Found an iron altar of Okawaru.
   373 | D:3      | Reached XP level 3. HP: 23/24 MP: 2/7
   532 | D:4      | Noticed Grinder
   533 | D:4      | Paralysed by Grinder for 7 turns
   535 | D:4      | Slain by a worker ant

Vault maps used:
D:1:      elethiomel_arrival_maze, corexii_hall_statues_u
D:2:      kb_forest_paths, lemuel_crystal_altar, okawaru_gym_becter, uniq_robin
D:3:      lemuel_doored_altar, nicolae_overflow_hidden_temple,
          minmay_crystal_water, trog_hazing_becter
D:4:      elyvilon_altar_4, gammafunk_temple_overflow_statue,
          grunt_ministairs_2, uniq_grinder

Skill      XL: |  1  2 |
---------------+-------+-----
Spellcasting   | 3 |  3.4
Ice Magic      | 3 |  3.3
Dodging        | |  1.5
Stealth        | |  1.5
Conjurations   | |  0.7

Action                   || total
-------------------------++-------
 Cast: Freeze            ||    35
Armor: Robe              ||    10
Dodge: Dodged            ||    19

Table legend:
 A = Spawn XP
 B = Non-spawn XP
 C = Spawn XP percentage of total XP
 D = Spawn monster count
 E = Non-spawn monster count
 F = Spawn count percentage of total count
 G = Total turns spent on level
                    A         B        C        D         E        F      G
               +---------+---------+-------+---------+---------+-------+---------
         Total |       0 |      58 |   0.0 |       0 |      14 |   0.0 |   535
               +---------+---------+-------+---------+---------+-------+---------
           D:1 |       0 |       2 |   0.0 |       0 |       1 |   0.0 |    79
           D:2 |       0 |      16 |   0.0 |       0 |       3 |   0.0 |   121
           D:3 |       0 |      38 |   0.0 |       0 |       8 |   0.0 |   314
           D:4 |       0 |       2 |   0.0 |       0 |       2 |   0.0 |    21
               +---------+---------+-------+---------+---------+-------+---------
